 Dungeon Sprint DCSS version 0.31-a0-931-g7b59d4eb97 (webtiles) character file.

Game seed: 3240714170121344327

3826 rocky1 the Fighter (level 10, -13/87 HPs)
             Began as a Djinni Gladiator on Oct 20, 2023.
             Was an Initiate of Gozag.
             Mangled by a white ugly thing (26 damage)
             ... in the Dungeon (Sprint VII: "The Pits").
             The game lasted 00:03:49 (1287 turns).

rocky1 the Fighter (Djinni Gladiator)               Turns: 1287, Time: 00:03:50

Health: -13/87     AC: 13    Str: 13    XL:     10   Next: 40%
Gold:   1796       EV: 12    Int: 11    God:    Gozag SH:  0 Dex: 20

rFire   + + +        u - +2 scimitar of Burning Fortitude {drain, Fly rN+ Dex+2 SInv}
rCold   . . .        (no shield)
rNeg    + . .        n - +3 chain mail
rPois   ∞            c - +0 helmet
rElec   +            q - +0 cloak
rCorr   +            (no gloves)
SInv    +            (boots unavailable)
Will    +....        (no amulet) Stlth
                     (no ring)
HPRegen 0.34/turn    (no ring)
MPRegen 0.00/turn

%: no teleportation, infuse magic (-14 HP)
@: resistant, corroded, gold aura, flying
A: sickness immunity, fire resistance 2, cold vulnerability 1, float, innate
caster, HP casting, extra vitality 1
a: Renounce Religion, Potion Petition, Call Merchant, Bribe Branch


You were in the Dungeon.
You worshipped Gozag.
Gozag was most pleased with you.
You visited 1 branch You collected 2256 gold pieces.
You paid 460 gold pieces to Gozag.

Inventory:

Hand Weapons
 a - a +0 long sword
 o - a +0 long sword of flaming
 u - the +2 scimitar of Burning Fortitude (weapon) {drain, Fly rN+ Dex+2 SInv}
   (You found it in the Dungeon)

   Dex+2:     It affects your dexterity (+2).
   rN+:       It protects you from negative energy.
   SInv:      It lets you see invisible.
   Fly:       It grants you flight.
Missiles
 d - 2 throwing nets (quivered)
 e - a javelin
Armour
 b - a +0 leather armour
 c - a +0 helmet (worn)
 n - a +3 chain mail (worn)
 q - a +0 cloak (worn)
 t - a +3 plate armour
Jewellery
 r - a +3 ring of intelligence
 s - a +3 ring of protection
Wands
 p - a wand of paralysis (3)
Scrolls
 j - a scroll of blinking
 l - 2 scrolls of vulnerability
 m - a scroll of summoning
Potions
 f - 8 potions of curing
 g - 12 potions of heal wounds
 h - 3 potions of haste
 i - 2 potions of berserk rage
 k - 2 potions of invisibility


   Skills:
 * Level 13.6 Fighting
 * Level 12.7 Long Blades
 - Level 1.5 Throwing
 + Level 9.6 Armour
 + Level 11.1 Dodging


You knew the following spells:

 Your Spells              Type           Power      Damage    Failure   Level
a - Freeze                Ice            0%         1d3       99%         1
b - Static Discharge      Conj/Air       0%         2-2/arc   100%        2
c - Momentum Strike       Conj/Tloc      0%         3d8       100%        2
d - Summon Lightning Spi  Summ/Air       0%         N/A       100%        4
Your spell library was empty.


Dungeon Overview and Level Annotations

Branches:
Dungeon (1/1)

Altars:
Ashenzari
Cheibriados
Dithmenos
Elyvilon
Fedhas
Gozag
Hepliaklqana
Makhleb
Nemelex Xobeh
Okawaru
Qazlal
Ru
Trog
Uskayaw
Wu Jian
Xom
Yredelemnul
Zin
The Shining One
Jiyva
Lugonu


Innate Abilities, Weirdness & Mutations

You are immune to sickness and miasma.
You are immune to poison.
Your flesh is very heat resistant. (rF++)
You are vulnerable to cold. (rC-)
You float through the air rather than walking.
You learn spells naturally, not from books.
Your magical power is your life essence.
You have superior vitality. (+4 MHP)


Message History

You kill the rust devil!
Your Dodging skill increases to level 11!
You closely miss the giant cockroach.
Your extra speed is starting to run out.
The giant cockroach misses you.
You slash the white ugly thing!
The white ugly thing is moderately wounded.
The giant cockroach bites you but does no damage.
You slash the white ugly thing!
The white ugly thing is moderately wounded.
The white ugly thing barely misses you.
You completely miss the white ugly thing.
The white ugly thing is moderately wounded.
The giant cockroach misses you.
You slash the white ugly thing!
The white ugly thing is heavily wounded.
The white ugly thing engulfs you but does no damage.
You slash the white ugly thing!
The white ugly thing is severely wounded.
The giant cockroach bites you but does no damage.
You hit the white ugly thing but do no damage.
You drain the white ugly thing.
The white ugly thing is severely wounded.
The white ugly thing engulfs you! The white ugly thing freezes you!!
You are too injured to fight recklessly!
You are too injured to fight recklessly!
You are too injured to fight recklessly!
You slash the giant cockroach!
You kill the giant cockroach!
You feel yourself slow down. The white ugly thing engulfs you.
The white ugly thing freezes you!
* * * LOW HITPOINT WARNING * * *
You see here 63 gold pieces.
You slash the white ugly thing! You drain the white ugly thing.
The white ugly thing is almost dead.
The white ugly thing engulfs you.
* * * LOW HITPOINT WARNING * * *
The white ugly thing freezes you!!
You die...
Your body crumbles into a pile of gold.

.....##.)####.....#
.....##...##......# #
#######....)......+ .+
#######...##......# ..#
#...[##..####.....##.##
#..[[##..##.##$..##...##
'..))##..##..##.##.....#
#..).##..# #..#'#$......
#..))##..# #.$.@u.#
########## ########


You could see a white ugly thing (drained).

Vanquished Creatures
  Erolcha (D)
  A lindwurm (D)
  A deep elf zephyrmancer (D)
  A rust devil (D)
  Maurice (D)
  A gargoyle (D)
  A tarantella (D)
  A hornet (D)
  A flying skull (D)
  A fire bat (D)
  A floating eye (D)
  A phantom (D)
  Blork the orc (D)
  A scorpion (D)
  2 crimson imps (D)
  A gnoll bouda (D)
  6 gnolls (D)
  An adder zombie (D)
  An orc (D)
  A bat (D)
  A bat zombie (D)
  2 endoplasms (D)
  A giant cockroach (D)
  A hobgoblin (D)
  3 jackals (D)
  A kobold (D)
  3 quokkas (D)
  A ball python (D)
  A quokka skeleton (D)
  A rat (D)
41 creatures vanquished.

Vanquished Creatures (others)
  A shadow wraith (D)
  A swamp drake (D)
2 creatures vanquished.

Grand Total: 43 creatures vanquished

Notes
Turn   | Place    | Note
-------+----------+-------------------------------------------
     0 | D        | rocky1 the Djinni Gladiator began the quest for the Orb.
     0 | D        | Reached XP level 1. HP: 18/18 MP: 0/0
    18 | D        | Found a bloodstained altar of Trog.
    18 | D        | Found a viscous altar of Jiyva.
    18 | D        | Found a hazy altar of Hepliaklqana.
    18 | D        | Found an opulent altar of Gozag.
    19 | D        | Found a glowing golden altar of the Shining One.
    19 | D        | Found a glowing silver altar of Zin.
    19 | D        | Found a basalt altar of Yredelemnul.
    19 | D        | Found a shimmering altar of Xom.
    19 | D        | Found an ornate altar of the Wu Jian Council.
    19 | D        | Found a sacrificial altar of Ru.
    19 | D        | Found a stormy altar of Qazlal.
    19 | D        | Found an iron altar of Okawaru.
    19 | D        | Found a sparkling altar of Nemelex Xobeh.
    19 | D        | Found a burning altar of Makhleb.
    19 | D        | Found a blossoming altar of Fedhas.
    19 | D        | Found a white marble altar of Elyvilon.
    19 | D        | Found a shadowy altar of Dithmenos.
    19 | D        | Found a snail-covered altar of Cheibriados.
    21 | D        | Found a corrupted altar of Lugonu.
    22 | D        | Found a hide-covered altar of Uskayaw.
    22 | D        | Found a broken altar of Ashenzari.
    26 | D        | Became a worshipper of Gozag Ym Sagoz the Greedy
    58 | D        | Noticed a scorpion
    61 | D        | Killed a scorpion
    62 | D        | Reached skill level 4 in Fighting
    62 | D        | Reached XP level 2. HP: 27/27 MP: 0/0
    62 | D        | Reached XP level 3. HP: 31/31 MP: 0/0
    62 | D        | Learned a level 1 spell: Freeze
    62 | D        | Reached XP level 4. HP: 38/38 MP: 0/0
    83 | D        | Reached skill level 5 in Fighting
    83 | D        | Reached skill level 5 in Long Blades
   155 | D        | Reached skill level 5 in Dodging
   224 | D        | Noticed Blork the orc
   224 | D        | Noticed a fire bat
   236 | D        | Killed a fire bat
   237 | D        | Reached skill level 7 in Fighting
   237 | D        | Reached XP level 5. HP: 47/47 MP: 0/0
   237 | D        | Learned a level 2 spell: Static Discharge
   237 | D        | Reached XP level 6. HP: 53/53 MP: 0/0
   249 | D        | Killed Blork the orc
   260 | D        | Reached skill level 5 in Armour
   345 | D        | Noticed a flying skull
   360 | D        | Killed a flying skull
   361 | D        | Reached skill level 8 in Fighting
   361 | D        | Reached XP level 7. HP: 60/60 MP: 0/0
   361 | D        | Learned a level 2 spell: Momentum Strike
   407 | D        | Noticed Maurice
   408 | D        | Maurice stole a +0 long sword
   413 | D        | Something stole 2 throwing nets
   415 | D        | Killed Maurice
   416 | D        | Reached skill level 9 in Fighting
   416 | D        | Reached XP level 8. HP: 43/68 MP: 0/0
   600 | D        | Reached skill level 10 in Fighting
   859 | D        | Got the +2 scimitar of Burning Fortitude {drain, Fly rN+
                  | Dex+2 SInv}
   924 | D        | Noticed Erolcha
   924 | D        | Noticed a hornet
   934 | D        | Killed Erolcha
   935 | D        | Reached skill level 11 in Fighting
   935 | D        | Reached skill level 10 in Long Blades
   935 | D        | Reached XP level 9. HP: 51/76 MP: 0/0
   935 | D        | Learned a level 4 spell: Summon Lightning Spire
   944 | D        | Killed a hornet
  1210 | D        | Noticed a tarantella
  1210 | D        | Noticed a shadow wraith
  1210 | D        | Noticed a gargoyle
  1210 | D        | Noticed a lindwurm
  1215 | D        | Killed a tarantella
  1216 | D        | Reached skill level 12 in Fighting
  1221 | D        | Killed a shadow wraith
  1222 | D        | Reached skill level 10 in Dodging
  1231 | D        | Killed a lindwurm
  1239 | D        | Killed a gargoyle
  1240 | D        | Reached skill level 13 in Fighting
  1240 | D        | Reached XP level 10. HP: 21/86 MP: 0/0
  1258 | D        | Noticed a deep elf zephyrmancer
  1265 | D        | Killed a deep elf zephyrmancer
  1267 | D        | Noticed a white ugly thing
  1267 | D        | Noticed a rust devil
  1276 | D        | Killed a rust devil
  1287 | D        | Mangled by a white ugly thing

Illustrated notes

Levels and vault maps discovered:
D:        pitsprint [storerooms_1, entrance_room_1, metal_vault_3, armoury_1,
          mini_pit_1, grid_room_1, main_hall_1, silver_pit, the_coven_1,
          the_vestibule_1, steel_vault_3, golden_pit, hallway_of_sentries,
          crystal_vault_4, iron_vault_2, final_vault]

Skill      XL: |  1  2  3  4  5  6  7  8  9 10 |
---------------+-------------------------------+-----
Fighting       | 4 7 8 9 11 13 | 13.6
Long Blades    | 4 6 8 9 10 12 | 12.7
Armour         | 2 4 5 6 7 9 |  9.6
Dodging        | 4 6 7 8 9 10 11 | 11.1
Throwing       | |  1.5

Action                     |  1- 3 |  4- 6 |  7- 9 | 10-12 || total
---------------------------+-------+-------+-------+-------++-------
  Melee: Long sword        |     4 |    69 |    62 |       ||   135
         Punch             |       |     2 |     2 |     1 ||     5
         Scimitar          |       |       |    42 |    27 ||    69
  Throw: Throwing net      |       |     3 |       |       ||     3
 Invoke: Potion Petition   |       |       |     1 |       ||     1
    Use: Potion            |       |     1 |     1 |     2 ||     4
   Stab: Distracted        |       |     2 |       |       ||     2
         Confused          |       |       |     2 |       ||     2
 Armour: Leather armour    |     2 |    15 |       |       ||    17
         Chain mail        |       |    40 |    49 |    13 ||   102
  Dodge: Dodged            |     1 |    38 |    33 |     4 ||    76

Table legend: (Time is in decaauts)
 A = Elapsed time spent in this place.
 B = Non-inter-level travel time spent in this place.
 C = Inter-level travel time spent in this place.
 D = Time resting spent in this place.
 E = Time spent auto-exploring this place.
 F = Levels seen in this place.
 G = Mean time per level.
                   A        B        C        D        E       F      G
               +--------+--------+--------+--------+--------+-----+--------+
         Total |   1263 |   1136 |    127 |    608 |      0 |   1 | 1263.0 |
       Dungeon |   1263 |   1136 |    127 |    608 |      0 |   1 | 1263.0 |
               +--------+--------+--------+--------+--------+-----+--------+

Top non-repeatable levels by time:
       D: 1263 daAuts
